 Dungeon Crawl Stone Soup version 0.27-a0-686-gaed091b46b (webtiles) character file.

Game seed: 15527266889229163674

140 Gaff the Slinger (level 5, -2/34 HPs)
             Began as a Halfling Hunter on Mar 21, 2021.
             Was an Initiate of the Shining One.
             Killed by divine providence
             ... invoked by an orc priest
              (8 damage)
             ... on level 3 of the Dungeon.
             The game lasted 00:09:53 (2909 turns).

Gaff the Slinger (Halfling Hunter)                  Turns: 2909, Time: 00:09:54

Health: -2/34      AC:  7    Str: 14    XL:     5   Next: 46%
Magic:  0/5        EV: 14    Int:  9    God:    the Shining One [......]
Gold:   60         SH:  0    Dex: 15    Spells: 4/4 levels left

rFire    . . .     SeeInvis .   b - +0 short sword
rCold    . . .     Faith    .   (shield restricted)
rNeg     . . .     Spirit   +   c - +0 leather armour
rPois    .         Reflect  .   (no helmet)
rElec    .         Harm     .   (no cloak)
rCorr    .         Rampage  .   (no gloves)
Will     .....                  (no boots)
Stlth    +.........             e - amulet of guardian spirit
HPRegen  0.11/turn              g - +4 ring of protection
MPRegen  0.09/turn              (no ring)

@: mighty, glowing
A: small, no large weapons, mutation resistance 1
a: Renounce Religion


You were on level 3 of the Dungeon.
You worshipped the Shining One.
The Shining One was noncommittal.
You visited 1 branch of the dungeon, and saw 3 of its levels.

You collected 60 gold pieces.

Inventory:

Hand Weapons
 a - a +1 hunting sling
 b - a +0 short sword (weapon)
 n - a +0 long sword
Missiles
 d - 20 sling bullets
 h - 90 stones (quivered)
Armour
 c - a +0 leather armour (worn)
Jewellery
 e - an amulet of guardian spirit (around neck)
 g - a +4 ring of protection (right hand)
Scrolls
 f - 5 scrolls of identify
 l - 3 scrolls of blinking
 m - 3 scrolls of teleportation {unknown}
Potions
 i - a potion of haste
 j - a potion of lignification


   Skills:
 - Level 2.0 Fighting
 * Level 8.0 Slings
 + Level 1.0 Armour
 + Level 2.5 Dodging
 - Level 2.8 Stealth


You had 4 spell levels left.
You didn't know any spells.
Your spell library was empty.

Dungeon Overview and Level Annotations

Branches:
Dungeon (3/15)

Altars:
The Shining One

Shops:
D:1 !


Innate Abilities, Weirdness & Mutations

You are small and have problems with some larger weapons.
You are somewhat resistant to further mutation.


Message History

The jackal bites you but does no damage.
The jackal misses you.
You closely miss the orc priest. The jackal barely misses you.
The orc priest hits you with a +0 flail!
The jackal bites you.
The jackal bites you but does no damage.
You hit the orc priest.
The orc priest is lightly wounded.
The orc priest misses you. The jackal bites you.
* * * LOW HITPOINT WARNING * * *
The jackal misses you.
The orc priest hits you with a +0 flail.
* * * LOW HITPOINT WARNING * * *
The jackal bites you but does no damage.
You hit the orc priest.
The orc priest is moderately wounded.
The jackal misses you. The jackal closely misses you. The jackal misses you.
The orc priest hits you but does no damage.
You hit the orc priest but do no damage.
The orc priest is moderately wounded.
The jackal barely misses you. The jackal closely misses you.
The orc priest completely misses you. The jackal closely misses you.
You hit the orc priest but do no damage.
The orc priest is moderately wounded.
The jackal barely misses you. x2
The jackal bites you but does no damage.
The orc priest calls down the wrath of Beogh upon you.
Pain shoots through your body!
* * * LOW HITPOINT WARNING * * *
You feel very mighty all of a sudden. The jackal misses you.
The jackal closely misses you. The orc priest barely misses you.
The jackal bites you but does no damage.
You puncture the orc priest!
The orc priest is almost dead.
The jackal bites you but does no damage.
The jackal closely misses you.
The orc priest invokes the aid of Beogh against you.
Beogh smites you!
You die...

##### ######+##
#.# #...#
........# #.#
#.#.# ........#
#.# ....#
..h.....###'#####
# #.###
........##......#
##### #.#
#..#......# #....
#'### ##.#......#
#.... ....#
#hh......# #....
....+ ##@......#
#.... ....#
#o..##### #....
##### ##..# #....
#..# #.... ..>.
##### ##.#. .#.#
.# #


You could see an orc priest and 2 jackals.

Vanquished Creatures
  Natasha (D:3)
  4 adders (D:2)
  An ooze (D:2)
  2 worms (D:2)
  3 dart slugs (D:3)
  A leopard gecko (D:1)
  2 orcs (D:3)
  7 bats
  2 giant cockroaches
  5 hobgoblins
  4 jackals
  2 quokkas
  3 ball pythons
  4 frilled lizards
  8 goblins
  3 kobolds
  7 rats
59 creatures vanquished.

Notes
Turn   | Place    | Note
-------+----------+-------------------------------------------
     0 | D:1      | Gaff the Halfling Hunter began the quest for the Orb.
     0 | D:1      | Reached XP level 1. HP: 14/14 MP: 1/1
   134 | D:1      | Reached skill level 6 in Slings
   166 | D:1      | Found Jary's Distillery.
   284 | D:1      | Reached XP level 2. HP: 19/19 MP: 2/2
   845 | D:2      | Reached XP level 3. HP: 24/24 MP: 3/3
   957 | D:2      | Reached skill level 7 in Slings
  1090 | D:2      | Reached XP level 4. HP: 29/29 MP: 4/4
  1198 | D:2      | Found a glowing golden altar of the Shining One.
  1698 | D:2      | Became a worshipper of the Shining One
  2343 | D:3      | Reached XP level 5. HP: 34/34 MP: 5/5
  2802 | D:3      | Noticed Natasha
  2815 | D:3      | Killed Natasha
  2816 | D:3      | Reached skill level 8 in Slings
  2816 | D:3      | Reached skill level 1 in Armour
  2909 | D:3      | Killed from afar by an orc priest

Illustrated notes

Levels and vault maps discovered:
D:1:      enne_arrival_octagon_isle, layout_loops_ring, serial_shops,
          shop_statue
D:2:      layout_loops_corners, lemuel_crystal_altar
D:3:      layout_basic, st_stairs_1, nemelex_altar_shiori, uniq_natasha

Skill      XL: |  1  2  3  4  5 |
---------------+----------------+-----
Slings         | 6 7 8 |  8.0
Stealth        | 2 |  2.8
Fighting       | 2 |  2.0
Armour         | 1 |  1.0
Dodging        | |  2.5

Action                   |  1- 3 |  4- 6 || total
-------------------------+-------+-------++-------
Melee: Short sword       |    75 |   143 ||   218
 Fire: Hunting sling     |    25 |    27 ||    52
  Use: Scroll            |     3 |     1 ||     4
       Potion            |       |     1 ||     1
 Stab: Sleeping          |     1 |       ||     1
Armor: Leather armour    |    26 |    47 ||    73
Dodge: Dodged            |    67 |   123 ||   190

Table legend: (Time is in decaauts)
 A = Elapsed time spent in this place.
 B = Non-inter-level travel time spent in this place.
 C = Inter-level travel time spent in this place.
 D = Time resting spent in this place.
 E = Time spent auto-exploring this place.
 F = Levels seen in this place.
 G = Mean time per level.
                   A        B        C        D        E       F      G
               +--------+--------+--------+--------+--------+-----+--------+
         Total |   2909 |   2751 |    158 |    695 |   1212 |   3 |  969.7 |
       Dungeon |   2909 |   2751 |    158 |    695 |   1212 |   3 |  969.7 |
               +--------+--------+--------+--------+--------+-----+--------+

Top non-repeatable levels by time:
     D:2: 1518 daAuts
     D:1: 782 daAuts
     D:3: 608 daAuts
